Map: Treinamento do Vazio Estágio 3

Players

RaceDriver

  • Race: Terran Terran
  • Spawn Location: 6:00

Jogador 2 - Winner!

  • Race: Terran Terran
  • Spawn Location: 12:00

VOD

Have the link to the VOD?

Description

Time

  • Played on: Jan. 22, 2018, 3:45 p.m.
  • Length: 15:08
Show
View Real Time Build Order
Export as new Build Order

RaceDriver Terran 

Build Orders:  

Get SALT Encoding   

  12  0:01  SCV  
  13  0:13  SCV  
  14  0:19  Supply Depot  
  14  0:27  Refinery  
  14  0:29  SCV  
  15  0:41  SCV  
  16  0:53  SCV  
  17  0:58  Barracks  
  17  1:05  SCV  
  18  1:17  SCV  
  19  1:27  Refinery  
  19  1:29  SCV  
  20  1:42  SCV  
  21  1:49  Supply Depot, Marine  
  21  1:54  SCV  
  23  2:10  SCV, Reaper  
  25  2:18  Command Center  
  25  2:23  Supply Depot  
  26  2:33  Orbital Command  
  25  2:42  Marine  
  26  3:07  Barracks Reactor  
  26  3:11  SCV  
  27  3:23  SCV  
  27  3:26  Command Center  
  28  3:35  SCV  
  29  3:46  Orbital Command  
  29  3:47  SCV  
  30  3:51  Refinery  
  30  3:53  Refinery  
  30  3:59  SCV  
  30  4:00  Reaper  
  30  4:01  Barracks  
  30  4:02  Marine  
  33  4:20  Marine  
  34  4:32  Marine  
  34  4:37  Marine  
  36  4:41  Refinery  
  36  4:43  SCV  
  36  4:44  SCV  
  36  4:45  Refinery  
  38  4:50  Reaper  
  39  4:55  SCV, Marine  
  39  4:56  Barracks Tech Lab  
  41  5:13  Marine  
  42  5:15  Supply Depot  
  42  5:22  SCV, Reaper  
  44  5:31  Marine  
  44  5:35  SCV  
  46  5:39  Marine  
  47  5:47  SCV  
  47  5:49  Reaper  
  49  5:54  Marine  
  49  5:56  Engineering Bay  
  50  5:57  Reaper  
  50  6:04  Factory  
  51  6:12  Reaper  
  52  6:21  Marine  
  53  6:29  Marine  
  54  6:39  Reaper  
  55  6:44  Marine  
  56  6:47  Reaper  
  57  6:54  Supply Depot  
  57  6:56  Terran Infantry Weapons Level 1  
  57  7:01  Marine  
  58  7:11  Reaper  
  58  7:15  Hellion  
  61  7:19  Marine x2  
  63  7:23  Command Center  
  63  7:36  Hellion  
  65  7:37  Marine, Reaper  
  65  7:39  Combat Shields  
  65  7:40  Refinery  
  65  7:43  Marine, Planetary Fortress  
  68  7:55  Reaper  
  68  7:58  Hellion  
  71  8:01  Marine  
  71  8:05  Ghost Academy  
  72  8:10  Reaper  
  73  8:18  Marine  
  73  8:19  Hellion  
  76  8:27  Marine  
  77  8:35  Supply Depot  
  77  8:37  Reaper  
  77  8:40  Hellion  
  80  8:41  Marine  
  80  8:45  Marine  
  82  8:50  Terran Infantry Armor Level 1  
  82  8:58  Stimpack  
  82  8:59  Reaper  
  82  9:02  Hellion  
  85  9:03  SCV, Marine  
  85  9:08  Marine  
  88  9:21  Reaper  
  88  9:22  SCV, Refinery  
  88  9:23  Hellion  
  92  9:26  Reaper  
  93  9:31  Marine  
  93  9:34  SCV  
  95  9:45  Hellion  
  97  9:46  SCV  
  97  9:49  Reaper  
  99  9:52  Marine  
  99  9:58  Marine  
  99  9:59  Supply Depot  
  101  10:08  SCV  
  101  10:10  Marine  
  92  10:16  Marine  
  92  10:20  SCV x2  
  92  10:21  Reaper  
  92  10:28  Marine  
  93  10:32  SCV  
  93  10:33  SCV  
  93  10:34  Marine  
  97  10:36  SCV  
  98  10:44  Hi-Sec Auto Tracking  
  98  10:45  SCV  
  98  10:46  Marine  
  100  10:52  Reaper  
  100  10:53  Marine  
  100  10:56  Hellion  
  104  10:59  Concussive Shells  
  104  11:04  Marine  
  102  11:11  Reaper  
  102  11:17  Hellion  
  105  11:22  Marine  
  105  11:24  Marine  
  96  11:39  Hellion  
  95  11:40  Neosteel Frame, Reaper  
  95  11:42  Reaper  
  95  11:43  Marine  
  66  12:00  Hellion  
  58  12:01  Marine  
  57  12:10  SCV  
  57  12:11  SCV, Marine  
  57  12:14  SCV, Reaper  
  61  12:19  Marine  
  61  12:22  SCV, Hellion  
  65  12:23  SCV  
  65  12:26  SCV  
  65  12:29  Marine  
  68  12:30  SCV  
  68  12:34  SCV  
  68  12:36  SCV  
  68  12:37  Marine  
  71  12:38  SCV  
  71  12:43  Hellion  
  75  12:46  SCV, Marine  
  75  12:47  Marine  
  75  12:48  SCV  
  75  12:50  SCV  
  80  12:55  Reaper  
  81  12:58  SCV  
  81  12:59  Barracks, Building Armor  
  81  13:00  SCV  
  81  13:02  SCV  
  81  13:04  Hellion, Reaper  
  81  13:05  Marine  
  88  13:12  SCV  
  89  13:23  Marine  
  89  13:26  Hellion  
  89  13:27  Marine  
  93  13:36  Marine  
  93  13:41  Reaper  
  95  13:45  Reaper  
  95  13:47  Hellion  
  98  13:49  Planetary Fortress  
  98  13:54  Marine  
  99  14:08  Hellion, Marine  
  102  14:11  Marine  
  102  14:13  Marine  
  105  14:17  Reaper  
  98  14:26  Reaper  
  98  14:29  Marine  
  98  14:30  Marine, Hellion  
  66  14:48  Marine  
  66  14:49  Marine  
Show
View Real Time Build Order
Export as new Build Order

Jogador 2 Terran - Winner!

Build Orders:  

Get SALT Encoding   

  12  0:00  SCV  
  13  0:13  SCV  
  14  0:20  Supply Depot  
  14  0:25  SCV  
  15  0:42  SCV  
  16  0:44  Barracks  
  16  0:54  SCV  
  17  1:06  SCV  
  18  1:18  Command Center  
  18  1:32  Orbital Command  
  18  1:33  Marine  
  18  1:38  Supply Depot  
  19  1:45  Refinery  
  19  1:51  Marine  
  20  1:58  SCV  
  21  2:01  Barracks  
  21  2:08  Refinery  
  21  2:11  SCV  
  22  2:19  Marine  
  23  2:23  SCV  
  24  2:30  Supply Depot  
  24  2:35  SCV  
  25  2:37  Barracks Tech Lab  
  25  2:50  SCV  
  26  2:56  Marauder  
  26  2:58  Refinery  
  28  2:59  SCV  
  28  3:02  Barracks Tech Lab  
  29  3:13  Factory  
  29  3:18  Marauder  
  31  3:20  SCV  
  32  3:27  Factory  
  32  3:29  Marauder  
  34  3:42  Refinery  
  34  3:45  Marine  
  35  3:50  SCV  
  35  3:53  SCV  
  37  3:57  Factory Tech Lab  
  37  4:02  SCV, Reaper  
  39  4:06  SCV  
  40  4:10  Factory Tech Lab  
  40  4:15  SCV  
  41  4:18  SCV, Marine  
  41  4:24  Supply Depot  
  43  4:27  SCV  
  43  4:30  SCV  
  45  4:34  Marine  
  46  4:39  SCV  
  46  4:42  SCV  
  48  4:51  SCV, Siege Tank  
  52  4:53  Supply Depot  
  52  4:54  SCV  
  53  5:03  SCV  
  54  5:07  Marine  
  55  5:15  SCV  
  55  5:17  Supply Depot  
  55  5:18  SCV  
  57  5:24  Marine  
  57  5:26  Starport  
  57  5:27  SCV  
  59  5:39  SCV  
  59  5:40  Reaper  
  59  5:42  SCV, Supply Depot  
  62  5:50  Engineering Bay  
  62  5:51  SCV  
  62  5:54  SCV  
  64  5:57  Siege Tank  
  64  6:03  SCV  
  67  6:04  Starport Tech Lab  
  67  6:06  SCV  
  67  6:09  Supply Depot  
  68  6:13  Cyclone  
  68  6:15  SCV  
  68  6:18  SCV, Missile Turret  
  72  6:19  Missile Turret  
  72  6:20  Missile Turret  
  72  6:23  Sensor Tower  
  72  6:24  Missile Turret, Raven  
  75  6:27  SCV  
  75  6:29  Armory  
  75  6:31  SCV  
  77  6:39  Barracks  
  78  6:40  SCV  
  78  6:43  Bunker  
  78  6:44  Bunker  
  78  7:07  Viking  
  80  7:26  Barracks Reactor  
  80  7:36  Raven  
  82  9:35  Command Center  
  82  9:47  Combat Shields, Medivac, Siege Tank  
  82  9:48  Stimpack, Terran Infantry Weapons Level 1  
  82  9:52  Starport  
  87  9:54  Supply Depot, Marine  
  87  9:57  Ghost Academy  
  88  10:01  Fusion Core, Marine  
  88  10:04  Engineering Bay  
  88  10:08  Armory  
  88  10:09  Siege Tank  
  73  10:15  Marine  
  73  10:17  Medivac  
  65  10:23  Marine  
  66  10:28  Starport Reactor  
  66  10:30  Marine  
  67  10:37  Marine  
  68  10:44  Siege Tank  
  68  10:47  SCV, Raven  
  74  10:50  SCV  
  74  10:51  Siege Tank  
  74  10:53  SCV  
  78  10:58  Refinery, Marine  
  78  10:59  SCV  
  78  11:00  Missile Turret  
  78  11:02  SCV  
  78  11:03  Missile Turret  
  78  11:04  Refinery  
  74  11:06  Concussive Shells, Marine  
  67  11:12  SCV  
  67  11:15  SCV  
  70  11:21  SCV, Hellion  
  70  11:24  SCV, Starport  
  68  11:27  Bunker  
  68  11:28  SCV, Marauder  
  68  11:30  Raven  
  67  11:33  SCV  
  67  11:35  Hellion  
  67  11:36  SCV  
  65  11:40  SCV  
  65  11:42  Terran Infantry Armor Level 1  
  65  11:43  Siege Tank  
  65  11:45  SCV  
  70  11:48  SCV  
  70  11:49  Armory  
  70  11:50  Marine  
  70  11:52  SCV, Engineering Bay  
  72  11:57  Marine  
  72  11:59  SCV  
  72  12:00  SCV, Medivac  
  73  12:04  SCV  
  73  12:05  Marine  
  75  12:12  Marine  
  75  12:13  Raven  
  78  12:19  Marine  
  79  12:27  Siege Tank  
  82  12:31  Starport Tech Lab  
  82  12:34  Siege Tank  
  85  12:41  Marine  
  86  12:48  SCV, Marine  
  86  12:49  Raven  
  89  12:59  Siege Tank  
  89  13:02  Marine  
  93  13:10  Siege Tank  
  96  13:39  Thor  
  102  13:41  Supply Depot  
  102  13:46  Hellion  
  104  14:07  Cyclone  
  104  14:09  Supply Depot  
  107  14:22  Thor  
  111  14:26  Marine  
  105  14:32  Marine  
  105  14:37  Marine  
  105  14:43  Marine  
  106  14:49  Marine  
  107  14:54  Command Center  
Tags
 
Add a new tag
Caveats
  • Supply blocks, unpowered buildings, or Contaminate may cause inaccurate times.
  • Supply counts are checked every 10 seconds.